 Dungeon Crawl Stone Soup version 0.23-a0-358-g98c7a59 (webtiles) character file.

23 tilp the Chiller (level 2, 0/19 HPs)
             Began as a Merfolk Ice Elementalist on Oct 22, 2018.
             Succumbed to an adder's poison
             ... on level 2 of the Dungeon.
             The game lasted 00:04:01 (1135 turns).

tilp the Chiller (Merfolk Ice Elementalist)         Turns: 1135, Time: 00:04:02

Health: 0/19       AC:  2    Str:  8    XL:     2   Next: 95%
Magic:  0/5        EV: 13    Int: 14    God:
Gold:   25         SH:  0    Dex: 14    Spells: 2/5 levels left

rFire    . . .     SeeInvis .   m - -1 mace (curse)
rCold    . . .     Gourm    .   (no shield)
rNeg     . . .     Faith    .   a - +0 robe
rPois    .         Spirit   .   (no helmet)
rElec    .         Reflect  .   (no cloak)
rCorr    .         Harm     .   (no gloves)
MR       .....                  (no boots)
Stlth    ++........             (no amulet)
HPRegen  0.06/turn              (no ring)
MPRegen  0.09/turn              (no ring)

@: lethally poisoned (0 -> -7)
A: change form in water, swift swim, stealthy swim
a: no special abilities


You were on level 2 of the Dungeon.
You were not hungry.

You visited 1 branch of the dungeon, and saw 3 of its levels.

You collected 25 gold pieces.

Inventory:

Hand Weapons
 f - a +0 short sword
 m - a cursed -1 mace (weapon)
Missiles
 e - 37 stones (quivered)
Armour
 a - a +0 robe (worn)
Scrolls
 g - a scroll of fog
 h - 2 scrolls of identify {unknown}
 j - a scroll of teleportation {unknown}
 l - a scroll of immolation {unknown}
 o - a scroll of amnesia {unknown}
Potions
 b - a potion of brilliance {unknown}
 k - a potion of resistance {unknown}
 n - a potion of berserk rage {unknown}
Comestibles
 c - a ration
 i - 4 chunks of flesh


   Skills:
 - Level 2.6 Dodging
 - Level 2.1 Stealth
 - Level 2.0 Spellcasting
 - Level 0.7 Conjurations
 + Level 4.4 Ice Magic


You had 2 spell levels left.
You knew the following spells:

 Your Spells              Type           Power        Failure   Level  Hunger
a - Freeze                Ice            ##..         3%          1    ##.....
b - Throw Frost           Conj/Ice       #.....       12%         2    ###....

Your spell library contained the following spells:

 Spells                   Type           Power        Failure   Level  Hunger
 Ozocubu's Armour         Chrm/Ice       #.......     28%         3    ####...
 Throw Icicle             Conj/Ice       #.......     63%         4    #####..
 Summon Ice Beast         Ice/Summ       #.......     67%         4    #####..


Dungeon Overview and Level Annotations

Branches:
Dungeon (3/15)

Altars:

Annotations:
D:2 Sigmund
D:3 Ijyb


Message History

Aim: an adder (heavily wounded, slow)
You freeze the adder.
The adder is heavily wounded.
You feel sick. The bat closely misses you. The kobold hits you with a +0 whip.
* * * LOW HITPOINT WARNING * * *
The adder bites you.
* * * LOW HITPOINT WARNING * * *
Casting: Freeze (safe; 3% risk of failure)
Confirm with . or Enter, or press ? or * to list all spells.
Aiming: Freeze (safe; 3% risk of failure)
Press: ? - help, Shift-Dir - straight line, f/p - adder
Aim: an adder (heavily wounded, slow)
You freeze the adder.
The adder is severely wounded.
The adder is no longer moving slowly.
The bat closely misses you. The bat completely misses you. The adder bites you.
* * * LOW HITPOINT WARNING * * *
You barely miss the adder.
The adder is severely wounded.
You die...

#...## ....b#
.. .....# .#
....># .#
#...## .#
@....# .#
#.##.#
.###.## #.#
...
######Kb.....
#.. .....
#...S@Kg#
####..##.
#.#####....#
####..# .#...
@ยงยง...# # .
#####.#


You could see an adder, a goblin, a bat and 2 kobolds.

Vanquished Creatures
  3 goblins (D:1)
  A hobgoblin (D:1)
  4 jackals (D:1)
  4 kobolds (D:1)
  4 bats (D:1)
  2 frilled lizards (D:1)
  3 rats (D:1)
21 creatures vanquished.

Notes
Turn   | Place    | Note
-------+----------+-------------------------------------------
     0 | D:1      | tilp the Merfolk Ice Elementalist began the quest for the
                  | Orb.
     0 | D:1      | Reached XP level 1. HP: 13/13 MP: 3/3
   497 | D:1      | Reached XP level 2. HP: 19/19 MP: 3/5
   501 | D:1      | Learned a level 2 spell: Throw Frost
   696 | D:1      | Reached skill level 4 in Ice Magic
  1092 | D:1      | You fall through a shaft!
  1092 | D:2      | Noticed Sigmund
  1111 | D:3      | Noticed Ijyb
  1135 | D:2      | Succumbed to an adder's poison

Vault maps used:
D:1:      lightli_arrival_noodles, minmay_box_of_dots
D:2:      uniq_natasha, uniq_terence, uniq_sigmund
D:3:      serial_forest, infiniplex_forest_straight_5, infiniplex_forest_pool,
          infiniplex_forest_clump_diagonal, infiniplex_forest_straight_4,
          infiniplex_forest_clump_large, hex_medium, st_stairs_8,
          lemuel_tele_altar, uniq_ijyb

Skill      XL: |  1  2 |
---------------+-------+-----
Ice Magic      | 4 |  4.4
Dodging        | |  2.6
Stealth        | |  2.1
Spellcasting   | |  2.0
Conjurations   | |  0.7

Action                   || total
-------------------------++-------
Melee: Short sword       ||     3
       Mace              ||    22
 Cast: Freeze            ||    27
  Use: Potion            ||     3
       Scroll            ||     1
 Stab: Sleeping          ||     4
  Eat: Chunk             ||     1
Armor: Robe              ||    20
Dodge: Dodged            ||    75

Table legend:
 A = Non-vault XP
 B = Vault XP
 C = Vault XP percentage of total XP
 D = Non-vault monster count
 E = Vault monster count
 F = Vault count percentage of total count
                 A         B        C        D         E       F
            +---------+---------+-------+---------+---------+-------
      Total |      30 |       3 |   9.1 |      19 |       2 |   9.5
            +---------+---------+-------+---------+---------+-------
        D:1 |      30 |       3 |   9.1 |      19 |       2 |   9.5
            +---------+---------+-------+---------+---------+-------
